 Dungeon Crawl Stone Soup version 0.27.1-33-g824d729ab1 (webtiles) character file.

Game seed: 9747251620350107712

7234 pkoi the Grappler (level 10, -32/77 HPs)
             Began as a Red Draconian Monk on Dec 5, 2021.
             Was a Priest of the Shining One.
             Annihilated by a boulder beetle (40 damage)
             ... on level 9 of the Dungeon.
             The game lasted 00:12:55 (13444 turns).

pkoi the Grappler (Red Draconian Monk)             Turns: 13444, Time: 00:12:56

Health: -32/77     AC:  9    Str: 20    XL:     10   Next: 88%
Magic:  16/16      EV: 19    Int: 14    God:    the Shining One [***...]
Gold:   358        SH:  0    Dex: 13    Spells: 11/17 levels left

rFire    + . .     SeeInvis .     - Unarmed
rCold    . . .     Faith    .   (no shield)
rNeg     + . .     Spirit   .   (armour unavailable)
rPois    .         Reflect  .   (helmet restricted)
rElec    .         Harm     .   i - scarf {repulsion}
rCorr    .         Rampage  .   e - +1 pair of gloves
Will     .....                  (no boots)
Stlth    +.........             (no amulet)
HPRegen  0.22/turn              c - +4 ring of evasion
MPRegen  0.15/turn              v - +6 ring of strength

@: short of breath, glowing, repel missiles
A: breathe fire, AC +7, unfitting armour, fire resistance 1, cold-blooded
a: Breathe Fire, Renounce Religion, Divine Shield


You were on level 9 of the Dungeon.
You worshipped the Shining One.
The Shining One was most pleased with you.
You visited 2 branches of the dungeon, and saw 10 of its levels.

You collected 358 gold pieces.

Inventory:

Hand Weapons
 q - a +2 dagger of venom
Missiles
 p - 8 poisoned darts (quivered)
 r - 3 boomerangs of dispersal
 t - 7 datura-tipped darts
Armour
 e - a +1 pair of gloves (worn)
 i - a scarf of repulsion (worn)
Jewellery
 b - a ring of fire
 c - a +4 ring of evasion (left hand)
 m - the ring of Teffei {Fly Int+4}
   (You found it on level 5 of the Dungeon)

   [ring of flight]

   Int:       It affects your intelligence (+4).
   Fly:       It grants you flight.
 v - a +6 ring of strength (right hand)
Wands
 a - a wand of paralysis (9)
 d - a wand of iceblast (25)
 w - a wand of digging (1)
Scrolls
 f - 2 scrolls of teleportation
 h - 2 scrolls of amnesia
 j - a scroll of enchant weapon
 k - 3 scrolls of fear
 l - a scroll of vulnerability
 o - 2 scrolls of identify
 s - a scroll of brand weapon {unknown}
Potions
 g - 3 potions of invisibility
 n - 2 potions of attraction
 u - a potion of lignification {unknown}
 x - a potion of curing
 z - a potion of might


   Skills:
 - Level 3.2 Fighting
 - Level 7.2 Dodging
 - Level 1.7 Stealth
 - Level 12.2 Unarmed Combat
 + Level 4.4 Spellcasting
 + Level 3.4 Conjurations
 - Level 0.9 Transmutations
 - Level 1.0 Fire Magic
 - Level 0.7 Air Magic
 + Level 3.4 Poison Magic
 - Level 4.0 Invocations
 - Level 2.9 Evocations


You had 11 spell levels left.
You knew the following spells:

 Your Spells              Type           Power      Damage    Failure   Level
a - Mephitic Cloud        Conj/Pois/Air  10%        N/A       21%         3
b - Ignite Poison         Fire/Tmut/Pois 8%         N/A       26%         3

Your spell library contained the following spells:

 Spells                   Type           Power      Damage    Failure   Level
 Animate Skeleton         Necr           6%         N/A       19%         1
 Pain                     Necr           12%        1d4       19%         1
 Vampiric Draining        Necr           1%         2d6       50%         3
 Bolt of Magma            Conj/Fire/Erth 3%         4d5       95%         5


Dungeon Overview and Level Annotations

Branches:
Dungeon (9/15)             Temple (1/1) D:5
   Lair: D:8-11         Orc: D:9-12

Altars:
Ashenzari
Cheibriados
Dithmenos
Elyvilon
Fedhas
Gozag
Hepliaklqana
Kikubaaqudgha
Makhleb
Nemelex Xobeh
Okawaru
Qazlal
Ru
Sif Muna
Trog
Uskayaw
Vehumet
Wu Jian
Xom
Yredelemnul
Zin
The Shining One

Annotations:
D:4 3 runed translucent doors, DemonSlayer's ghost, amateur DsBe; Joey1's ghost, amateur GrFi; Powertoast's ghost, amateur DECj; TF2Pro777's ghost, amateur DEFE


Innate Abilities, Weirdness & Mutations

You can breathe blasts of fire.
Your fiery red scales are hard. (AC +7)
You cannot fit into any form of body armour.
Your flesh is heat resistant. (rF+)
You are cold-blooded and may be slowed by cold attacks.


Message History

The boulder beetle is engulfed in blazing flames.
The boulder beetle bites you.
You hit the boulder beetle but do no damage.
The boulder beetle is heavily wounded.
The boulder beetle leaps!
There is a stone staircase leading up, spattered with blood here.
The boulder beetle curls into a ball and begins rolling!
You hit the boulder beetle but do no damage.
The boulder beetle is moderately wounded.
The boulder beetle hits you!!
The boulder beetle stops rolling and uncurls.
You have got your breath back.
Items here: ! $ ) ? [ †.
Press: ? - help, Shift-Dir - straight line, f/p - boulder beetle
Aim: a boulder beetle (moderately wounded, haloed)
You breathe a blast of fire.
The fiery breath hits the boulder beetle but does no damage.
The boulder beetle is moderately wounded.
The boulder beetle bites you.
You hit the boulder beetle but do no damage.
The boulder beetle is moderately wounded.
The boulder beetle misses you.
You punch the boulder beetle!
The boulder beetle is heavily wounded.
The boulder beetle is engulfed in blazing flames.
The boulder beetle bites you!!
* * * LOW HITPOINT WARNING * * *
You hit the boulder beetle but do no damage.
The boulder beetle is heavily wounded.
You hit the boulder beetle but do no damage.
The boulder beetle is heavily wounded.
The boulder beetle bites you!!
* * * LOW HITPOINT WARNING * * *
The boulder beetle is engulfed in blazing flames.
The boulder beetle curls into a ball and begins rolling!
There is a stone staircase leading up, spattered with blood here.
The boulder beetle is engulfed in blazing flames.
The boulder beetle hits you!!!
Ouch! That really hurt!
You die...

#)#g# ####.##### #.#.#
#.#.# #.# #.#.# #.#.# #.#
#.#.# ###.#.# ##.## #.#.#
...#.## ##...# #<#.###
#.#..######.#.#.##
#.#...####................#
#.###.##..........##.#.#..#
#.# #.#....@B...#(###...#.#
#.# #.#..####○#.#.# #.##.#
#.# #.#.○# #.#.#.# #.# #
#.# #)#..####.#.#.# #.# #.#
#)#.).....#.#.##
#.##.###..#.....
#.............#
####.###......## #.#
#.......# #..


You could see a boulder beetle (rolling).

Vanquished Creatures
  Pikel (D:4)
  Joseph (D:7)
  Grinder (D:5)
  2 hornets
  Prince Ribbit (D:5)
  Sigmund (D:5)
  A wraith (D:9)
  2 wyverns (D:9)
  8 yaks
  Edmund (D:5)
  A steam dragon (D:6)
  Menkaure (D:5)
  A black bear (D:4)
  2 ice beasts
  3 orc warriors (D:8)
  2 necrophages (D:5)
  2 ogres
  4 centaurs
  A lemure (D:4)
  A phantom (D:6)
  Blork the orc (D:6)
  2 kobold brigands (D:6)
  A gnoll sergeant (D:9)
  3 bullfrogs
  3 scorpions
  A wyvern skeleton (D:5)
  8 killer bees
  7 howler monkeys
  A bullfrog zombie (D:6)
  2 centaur zombies
  2 hounds (D:5)
  A jelly (D:5)
  2 bullfrog skeletons (D:7)
  5 orc priests
  2 centaur skeletons
  6 orc wizards
  A killer bee zombie (D:8)
  2 hound skeletons
  3 howler monkey zombies
  7 gnolls
  A howler monkey skeleton (D:7)
  9 adders
  2 shadow imps (D:7)
  2 white imps
  An ufetubus (D:5)
  3 worms
  3 dart slugs
  36 orcs
  9 bats
  8 endoplasms
  2 giant cockroaches (D:4)
  6 goblins
  5 hobgoblins
  14 kobolds
  3 quokkas
  7 ball pythons
  2 frilled lizards
  5 rats
215 creatures vanquished.

Vanquished Creatures (others)
  4 plants (D:3)
  2 withered plants (D:4)
6 creatures vanquished.

Grand Total: 221 creatures vanquished

Notes
Turn   | Place    | Note
-------+----------+-------------------------------------------
     0 | D:1      | pkoi the Draconian Monk began the quest for the Orb.
     0 | D:1      | Reached XP level 1. HP: 19/19 MP: 1/1
   193 | D:1      | Reached XP level 2. HP: 25/26 MP: 2/2
   471 | D:1      | Found a faded altar of an unknown god.
   692 | D:1      | Reached skill level 4 in Unarmed Combat
  1144 | D:2      | Reached XP level 3. HP: 31/31 MP: 3/3
  2287 | D:2      | Reached XP level 4. HP: 38/38 MP: 4/4
  2361 | D:2      | Reached skill level 5 in Unarmed Combat
  3634 | D:3      | Found a basalt altar of Yredelemnul.
  3884 | D:4      | Reached XP level 5. HP: 36/45 MP: 5/5
  4275 | D:4      | Noticed an ogre
  4350 | D:4      | Noticed a black bear
  4364 | D:4      | Killed a black bear
  4365 | D:4      | Reached skill level 6 in Unarmed Combat
  4406 | D:4      | Reached XP level 6. HP: 26/51 MP: 6/6
  4841 | D:3      | Reached skill level 7 in Unarmed Combat
  5522 | D:4      | Found a runed translucent gate.
  5522 | D:4      | Found a runed translucent gate.
  5522 | D:4      | Found a runed translucent gate.
  5524 | D:4      | Noticed TF2Pro777's ghost (amateur DEFE)
  5524 | D:4      | Noticed Joey1's ghost (amateur GrFi)
  5547 | D:4      | Noticed Powertoast's ghost (amateur DECj)
  5551 | D:4      | Noticed DemonSlayer's ghost (amateur DsBe)
  5630 | D:5      | Entered Level 5 of the Dungeon
  5804 | D:5      | Your scales start taking on a fiery red colour.
  5804 | D:5      | Reached XP level 7. HP: 57/57 MP: 7/7
  5804 | D:5      | Gained mutation: Your flesh is heat resistant. (rF+) [Red
                  | Draconian growth]
  5823 | D:5      | Reached skill level 8 in Unarmed Combat
  5974 | D:5      | Noticed Pikel
  6236 | D:4      | Killed Pikel
  6237 | D:4      | Reached skill level 9 in Unarmed Combat
  6237 | D:4      | Reached XP level 8. HP: 37/63 MP: 8/8
  6240 | D:4      | Reached skill level 5 in Dodging
  6425 | D:5      | Noticed Menkaure
  6426 | D:5      | Killed Menkaure
  6492 | D:5      | Noticed Sigmund
  6551 | D:5      | Reached skill level 10 in Unarmed Combat
  6752 | D:5      | Killed Sigmund
  6936 | D:5      | Noticed Grinder
  6944 | D:5      | Killed Grinder
  7057 | D:5      | Noticed a hornet
  7063 | D:5      | Killed a hornet
  7064 | D:5      | Reached XP level 9. HP: 51/70 MP: 9/9
  7324 | D:5      | Found a staircase to the Ecumenical Temple.
  7390 | Temple   | Entered the Ecumenical Temple
  7550 | Temple   | Became a worshipper of the Shining One
  7550 | Temple   | Reached * piety under the Shining One
  7550 | Temple   | Reached ** piety under the Shining One
  7638 | D:5      | Found a hazy altar of Hepliaklqana.
  7668 | D:5      | Noticed Prince Ribbit
  7676 | D:5      | Killed Prince Ribbit
  7677 | D:5      | Reached skill level 11 in Unarmed Combat
  7677 | D:5      | Reached skill level 1 in Invocations
  7762 | D:5      | Identified the ring of Teffei {Fly Int+4}
  7910 | D:5      | Noticed Edmund
  7916 | D:5      | Killed Edmund
  7960 | D:5      | Learned a level 3 spell: Mephitic Cloud
  7964 | D:5      | Learned a level 3 spell: Ignite Poison
  8087 | D:6      | Noticed Blork the orc
  8095 | D:6      | Killed Blork the orc
  8412 | D:5      | Reached skill level 1 in Spellcasting
  8977 | D:6      | Reached skill level 1 in Evocations
  9441 | D:7      | Noticed Joseph
  9681 | D:6      | Reached XP level 10. HP: 68/77 MP: 13/13
 10790 | D:7      | Reached skill level 12 in Unarmed Combat
 10821 | D:7      | Killed Joseph
 11439 | D:8      | Reached *** piety under the Shining One
 12094 | D:8      | Reached skill level 1 in Fire Magic
 12387 | D:9      | Reached skill level 1 in Conjurations
 12387 | D:9      | Reached skill level 1 in Poison Magic
 13367 | D:9      | Noticed a boulder beetle
 13444 | D:9      | Annihilated by a boulder beetle

Illustrated notes

Levels and vault maps discovered:
D:1:      minmay_arrival_pointy, layout_basic,
          hellmonk_ecumenical_altar_inner_sanctum
D:2:      layout_basic, minmay_misc_feat_doors, hangedman_decor_growths,
          minmay_tromino_v4_a
D:3:      layout_loops_cross, mainiacjoe_overflow_boulevard
D:4:      layout_basic, gammafunk_ghost_cemetery
D:5:      layout_loops_corners, mainiacjoe_overflow_alcove_1,
          minmay_temple_entry_junction, kennysheep_cluttered_room,
          hangedman_abyss_or_decor_stagger, minmay_fractal_squares_5,
          uniq_menkaure, uniq_edmund, uniq_grinder, uniq_prince_ribbit1,
          uniq_pikel, uniq_sigmund
D:6:      layout_basic, minmay_misc_feat_pillars, uniq_blork_the_orc
D:7:      layout_cave_pools, uniq_joseph
D:8:      layout_rooms, serial_co_window_serial, co_window_corner_a,
          co_window_paths_b, co_window_paths_a, co_window_corner_a,
          co_window_cross_1, co_window_corner_a, co_window_paths_b,
          co_window_paths_b, co_window_paths_b, co_window_cross_3,
          co_window_corner_b, co_window_corner_b, co_window_unsneaky_path_d,
          glass_columns_a, glass_columns_a
D:9:      layout_loops_ring, erik_lair_dragon, lightli_fourway_metalbox
Temple:   regret_index_temple_chain_breaker

Skill      XL: |  1  2  3  4  5  6  7  8  9 10 |
---------------+-------------------------------+-----
Unarmed Combat | 4 5 6 7 9 10 11 12 | 12.2
Dodging        | 3 4 6 7 |  7.2
Invocations    | 3 4 |  4.0
Spellcasting   | 2 4 |  4.4
Evocations     | 1 2 |  2.9
Fire Magic     | 1 |  1.0
Conjurations   | 3 |  3.4
Poison Magic   | 3 |  3.4
Fighting       | |  3.2
Stealth        | |  1.7
Transmutations | |  0.9
Air Magic      | |  0.7

Action                   |  1- 3 |  4- 6 |  7- 9 | 10-12 || total
-------------------------+-------+-------+-------+-------++-------
Melee: Unarmed           |   123 |   185 |   177 |   226 ||   711
       Tailslap          |    13 |    18 |    17 |    26 ||    74
       Punch             |       |     5 |    10 |    16 ||    31
Throw: Stone             |       |    12 |       |       ||    12
 Abil: Breathe Fire      |       |       |    14 |     9 ||    23
  Use: Scroll            |     3 |     6 |     3 |     3 ||    15
       Potion            |       |     5 |     2 |       ||     7
 Stab: Sleeping          |     6 |     5 |     1 |       ||    12
       Invisible         |       |     2 |       |       ||     2
       Distracted        |       |     1 |       |       ||     1
Armor: Skin              |    35 |    42 |    46 |    61 ||   184
Dodge: Dodged            |    63 |   104 |   169 |   262 ||   598
       Repelled          |       |     2 |     2 |     3 ||     7
